 Dungeon Crawl Stone Soup version 0.20.0-15-g7f486f2 (webtiles) character file.

1663 greprep the Thaumaturge (level 8, -42/44 HPs)
             Began as a Deep Elf Necromancer on June 18, 2017.
             Hit by a large rock thrown by a cyclops (46 damage)
             ... on level 7 of the Dungeon.
             The game lasted 00:20:13 (10182 turns).

greprep the Thaumaturge (Deep Elf Necromancer)     Turns: 10182, Time: 00:20:13

Health: -42/44     AC:  5    Str:  5    XL:     8   Next: 69%
Magic:  0/23       EV: 12    Int: 23    God:
Gold:   324        SH:  3    Dex: 15    Spells: 18/26 levels left

rFire    . . .     SeeInvis .   t - +2 dagger (pain)
rCold    . . .     Gourm    .   w - +0 buckler
rNeg     + . .     Faith    .   k - +1 robe {rN+}
rPois    .         Spirit   +   (no helmet)
rElec    .         Reflect  .   l - +1 cloak
rCorr    .         Harm     .   (no gloves)
MR       +....                  (no boots)
Stlth    ++........             A - amulet of guardian spirit
Regen    0.2/turn               f - ring of protection from magic
MPRegen  0.2/turn               (no ring)

@: no status effects
A: no striking features
a: no special abilities


You were on level 7 of the Dungeon.
You were very hungry.

You visited 2 branches of the dungeon, and saw 8 of its levels.

You collected 324 gold pieces.

Inventory:

Hand Weapons
 t - a +2 dagger of pain (weapon)
Armour
 k - a +1 robe of positive energy (worn)
 l - a +1 cloak (worn)
 w - a +0 buckler (worn)
Jewellery
 f - a ring of protection from magic (left hand)
 A - an amulet of guardian spirit (around neck)
Wands
 h - a wand of lightning (5/15)
 v - a wand of enslavement (8/24)
Scrolls
 d - 6 scrolls of identify
 e - 2 scrolls of remove curse
 g - 2 scrolls of random uselessness {unknown}
 i - 2 scrolls of recharging
 u - 4 scrolls of amnesia {unknown}
 x - a scroll of teleportation
 y - a scroll of fear {unknown}
Potions
 a - 3 potions of heal wounds
 j - a potion of brilliance {unknown}
 m - 3 potions of flight
 o - a potion of ambrosia
 p - a potion of lignification {unknown}
 q - 2 potions of curing {unknown}
 z - a potion of agility
Books
 b - a book of Necromancy

   Spells                             Type                      Level
   a - Pain                           Necromancy                   1
   b - Animate Skeleton               Necromancy                   1
   c - Vampiric Draining              Necromancy                   3
   d - Regeneration                   Charms/Necromancy            3
   e - Animate Dead                   Necromancy                   4
   f - Control Undead                 Necromancy                   4
 r - a book of Callings

   Spells                             Type                      Level
   a - Summon Small Mammal            Summoning                    1
   b - Call Imp                       Summoning                    2
   c - Call Canine Familiar           Summoning                    3
   d - Summon Guardian Golem          Hexes/Summoning              3
   e - Summon Lightning Spire         Summoning/Air                4
   f - Summon Ice Beast               Ice/Summoning                4
Comestibles
 c - 4 bread rations
 n - 2 meat rations
 s - 2 fruits


   Skills:
 + Level 2.1 Fighting
 + Level 2.9 Short Blades
   Level 1.2 Maces & Flails
 - Level 2.4 Dodging
 - Level 2.4 Stealth
 + Level 9.9 Spellcasting
 + Level 9.5 Necromancy


You had 18 spell levels left.
You knew the following spells:

 Your Spells              Type           Power        Failure   Level  Hunger
a - Pain                  Necr           ####         1%          1    None
b - Vampiric Draining     Necr           ######....   1%          3    None
c - Animate Dead          Necr           N/A          1%          4    ##.....


Dungeon Overview and Level Annotations

Branches:
Dungeon (7/15)             Temple (1/1) D:6

Altars:
Ashenzari
Cheibriados
Elyvilon
Fedhas
Hepliaklqana
Makhleb
Nemelex Xobeh
Qazlal
Sif Muna
Trog
Uskayaw
Yredelemnul
Zin
The Shining One

Shops:
D:5 [

Annotations:
D:6 Blork the orc


Message History

You feel life coursing into your body. The cyclops closely misses you.
The cyclops throws a large rock.
The large rock hits you!!
Ouch! That really hurt!
* * * LOW HITPOINT WARNING * * *
You see here a large rock.
Casting: Vampiric Draining
Confirm with . or Enter, or press ? or * to list all spells.
Aiming: Pain
Press: ? - help, Shift-Dir - straight line, f/p - cyclops
Aim: a cyclops (lightly wounded, chance to defeat MR: 71%)
The cyclops writhes in agony!
Casting: Pain
Confirm with . or Enter, or press ? or * to list all spells.
Aiming: Pain
Press: ? - help, Shift-Dir - straight line, f/p - cyclops
Aim: a cyclops (moderately wounded, chance to defeat MR: 71%)
The cyclops writhes in agony!
The cyclops throws a large rock.
The large rock hits you!!!
Ouch! That really hurt!
You die...

g# .. #.#
#...#..# .# ##
#.# #......# W#
#.# #..###.# .#
#.# #..# #.# ##
#####.###..###.#
#........>....[#
#.########.#####
#.# #.# ### #@#
#.# ... ###.###
#.# ### #.C...#
#.# #g....# #.#
.
................
..# #
#######.$...####
### . #<....# .
####### #


You could see a cyclops and a gnoll.

Vanquished Creatures
  An ice beast (D:7)
  3 ogres
  2 centaurs
  3 bullfrogs (D:6)
  2 howler monkeys
  2 jellies (D:3)
  A bullfrog zombie (D:7)
  2 orc wizards
  Crazy Yiuf (D:3)
  2 hounds
  Jessica (D:3)
  2 bullfrog skeletons
  2 iguanas
  8 worker ants
  A hound zombie (D:6)
  A howler monkey skeleton (D:6)
  8 adders
  4 gnolls (D:2)
  9 oozes (D:3)
  2 worms (D:3)
  6 dart slugs
  4 leopard geckos
  18 orcs
  A ball python (D:6)
  9 giant cockroaches
  12 goblins
  9 hobgoblins
  13 jackals
  10 kobolds
  A quokka (D:5)
  8 bats
  8 frilled lizards
  2 quokka zombies (D:5)
  8 rats
  A fungus (D:4)
167 creatures vanquished.

Vanquished Creatures (others)
  4 fungi (D:3)
  9 toadstools (D:3)
13 creatures vanquished.

Grand Total: 180 creatures vanquished

Notes
Turn   | Place    | Note
-------+----------+-------------------------------------------
     0 | D:1      | greprep the Deep Elf Necromancer began the quest for the Orb.
     0 | D:1      | Reached XP level 1. HP: 10/10 MP: 6/6
    56 | D:1      | Reached skill level 5 in Necromancy
   996 | D:1      | Reached XP level 2. HP: 11/15 MP: 2/8
  1767 | D:1      | Reached XP level 3. HP: 19/19 MP: 8/10
  1803 | D:1      | Learned a level 3 spell: Vampiric Draining
  2445 | D:2      | Found a glowing silver altar of Zin.
  2749 | D:2      | Reached XP level 4. HP: 23/24 MP: 9/12
  2782 | D:2      | Learned a level 4 spell: Animate Dead
  2910 | D:2      | Reached skill level 5 in Spellcasting
  3444 | D:3      | Reached XP level 5. HP: 22/28 MP: 6/14
  3955 | D:3      | Noticed Robin
  4238 | D:3      | Noticed Jessica
  4241 | D:3      | Killed Jessica
  4780 | D:3      | Reached skill level 1 in Maces & Flails
  4780 | D:3      | Reached XP level 6. HP: 13/33 MP: 6/16
  5424 | D:3      | Found a runed door.
  5428 | D:3      | Noticed Crazy Yiuf
  5435 | D:3      | Killed Crazy Yiuf
  5435 | D:3      | Reached skill level 1 in Fighting
  5986 | D:4      | Reached XP level 7. HP: 34/38 MP: 10/19
  6818 | D:5      | Entered Level 5 of the Dungeon
  6964 | D:5      | Found Wyber's Antique Armour Emporium.
  7478 | D:5      | Reached skill level 1 in Short Blades
  7587 | D:5      | Found a shattered altar of Ashenzari.
  7957 | D:6      | Found a burning altar of Makhleb.
  7996 | D:6      | Reached XP level 8. HP: 33/43 MP: 2/22
  8333 | D:6      | Found a staircase to the Ecumenical Temple.
  8388 | Temple   | Entered the Ecumenical Temple
  8488 | D:6      | Noticed Blork the orc
  9416 | D:6      | Found a blossoming altar of Fedhas.
  9720 | D:6      | Found a stormy altar of Qazlal.
  9834 | D:7      | Noticed a cyclops
 10182 | D:7      | Hit by a large rock thrown by a cyclops

Skill      XL: |  1  2  3  4  5  6  7  8 |
---------------+-------------------------+-----
Necromancy     | 5 6 7 8 9 |  9.5
Spellcasting   | 4 5 7 8 9 |  9.9
Maces & Flails | 1 |  1.2
Fighting       | 1 2 |  2.1
Short Blades   | 2 |  2.9
Dodging        | |  2.4
Stealth        | |  2.4

Action                   |  1- 3 |  4- 6 |  7- 9 || total
-------------------------+-------+-------+-------++-------
Melee: Dagger            |    15 |       |   215 ||   230
       Mace              |       |    75 |     6 ||    81
 Cast: Pain              |    63 |    89 |    25 ||   177
       Vampiric Draining |     3 |    26 |    36 ||    65
       Animate Dead      |       |     1 |       ||     1
  Use: Scroll            |       |     8 |     2 ||    10
       Potion            |       |     1 |       ||     1
 Stab: Sleeping          |     1 |     1 |     6 ||     8
       Distracted        |       |       |     1 ||     1
  Eat: Chunk             |     6 |     4 |     7 ||    17
       Bread ration      |       |     1 |       ||     1
       Royal jelly       |       |     1 |       ||     1
       Meat ration       |       |       |     1 ||     1
Armor: Robe              |     8 |    20 |    43 ||    71
Dodge: Dodged            |    22 |    56 |   157 ||   235
Block: Buckler           |       |       |     2 ||     2
